AoeStats
← chris

Arena

509419900Analyzed
3v3 RM · 5d ago on Sep 26, 2026· 26m 2s· 6 players
Game mode
Random Map
Map size
Normal (6 player)
Population
200
Speed
Normal
Resources
Standard
Victory
Conquest
Starting age
Dark Age
Ending age
Imperial Age
RankedLock teamsTeams togetherTeam positionsShared explorationLock speedFull tech treeHidden civsTurbo modeCheats
Victory
Defeat
🇬🇧 Danes · United Kingdom
1155
+13
🇺🇸 Wu · United States
1068
+17
🇩🇪 Dravidians · Germany
1038
+19
🇩🇪 Danes · Germany
1130
-18
🇩🇪 Burgundians · Germany
1082
-16
🇩🇪 Hindustanis · Germany
1058
-15
Delirio
10:54 Feudal Age
14:50 Castle Age
13:29 Double-Bit Axe
13:37 Loom
13:37 Horse Collar
Fluffy
4:14 Double-Bit Axe
11:42 Feudal Age
10:37 Horse Collar
15:14 Castle Age
14:03 Bow Saw
15:27 Wheelbarrow
14:49 Horse Collar
15:31 Heavy Plow
17:16 Two-Man Saw
19:27 Crop Rotation
21:18 Town Watch
21:19 Loom
22:50 Scale Barding Armor
22:58 Forging
23:39 Hand Cart
24:15 Chain Barding Armor
24:01 Cavalier
24:42 Husbandry
25:27 Gold Mining
janos.zachow
10:01 Feudal Age
13:44 Castle Age
11:33 Double-Bit Axe
14:30 Loom
15:24 Wheelbarrow
16:06 Loom
16:34 Horse Collar
19:21 Gold Mining
20:21 Husbandry
22:02 Gold Shaft Mining
22:24 Bloodlines
25:06 Hand Cart
25:18 Forging
25:14 Scale Barding Armor
richd
10:54 Feudal Age
15:26 Castle Age
13:43 Horse Collar
13:51 Double-Bit Axe
15:26 Arson
17:03 Scale Mail Armor
17:20 Gold Mining
18:06 Squires
20:22 Forging
20:14 Loom
20:18 Gambesons
22:06 Wheelbarrow
23:13 Chain Mail Armor
chris
10:11 Feudal Age
14:58 Castle Age
13:02 Double-Bit Axe
13:03 Horse Collar
13:47 Stone Mining
19:07 Bow Saw
23:18 Heavy Plow
24:33 Wheelbarrow
ShadedKnight
12:39 Feudal Age
13:37 Loom
16:48 Castle Age
14:59 Stone Mining
15:04 Double-Bit Axe
15:09 Horse Collar
18:11 Gold Mining
19:42 Fletching
20:35 Bodkin Arrow
22:03 Gold Shaft Mining
Connection lost

Rejoining the realm…

Still unreachable

The connection could not be restored.

Session expired

The server has moved on; the page needs a fresh start.